 Dungeon Crawl Stone Soup version 0.20.1-1-g8b1a95d (webtiles) character file.

348 Mimshu the Poker (level 6, -4/61 HPs)
             Began as a Troll Berserker on Nov 30, 2017.
             Was a Believer of Trog.
             Slain by Edmund
             ... wielding a +2 flail of protection
              (5 damage)
             ... on level 4 of the Dungeon.
             The game lasted 00:15:23 (3522 turns).

Mimshu the Poker (Troll Berserker)                  Turns: 3522, Time: 00:15:24

Health: -4/61      AC:  5    Str: 24    XL:     6   Next: 33%
Magic:  5/5        EV: 11    Int:  3    God:    Trog [**....]
Gold:   150        SH:  0    Dex: 11    Spells: 5/5 levels left

rFire    . . .     SeeInvis .   a - +1 spear
rCold    . . .     Gourm    +   (no shield)
rNeg     . . .     Faith    .   b - +0 animal skin
rPois    .         Spirit   .   (helmet restricted)
rElec    .         Reflect  .   (no cloak)
rCorr    .         Harm     .   (gloves unavailable)
MR       .....                  (boots unavailable)
Stlth    +++.......             (no amulet)
Regen    0.6/turn               f - ring of stealth
MPRegen  0.1/turn               (no ring)

@: lethally poisoned (-4 -> -4), about to teleport, berserk cooldown, flying,
slowed, very slow
A: unfitting armour, claws 3, fast metabolism 3, gourmand, regeneration 1,
shaggy fur 1, tough skin 2, weak 1
a: Berserk, Trog's Hand, Burn Spellbooks, Renounce Religion


You were on level 4 of the Dungeon.
You worshipped Trog.
Trog was pleased with you.
You were not hungry.

You visited 1 branch of the dungeon, and saw 4 of its levels.

You collected 150 gold pieces.

Inventory:

Hand Weapons
 a - a +1 spear (weapon)
 h - a +0 short sword
 t - a +2 whip of flaming
Missiles
 n - 3 large rocks (quivered)
 r - 105 bolts
 y - 52 arrows
 B - 6 javelins
Armour
 b - a +0 animal skin (worn)
 e - a +0 scale mail
 g - a +0 chain mail
 j - a +0 leather armour
Jewellery
 f - a ring of stealth (left claw)
Scrolls
 d - 2 scrolls of teleportation
 k - a scroll of identify {unknown}
 m - a scroll of noise {unknown}
 p - a scroll of fog {unknown}
 q - a scroll of enchant weapon
 u - a scroll of recharging {unknown}
Potions
 l - a potion of lignification {unknown}
 s - 2 potions of cancellation {unknown}
 v - a potion of magic {unknown}
 w - a potion of agility {unknown}
 C - a potion of curing {unknown}
Comestibles
 c - 2 bread rations
 i - 3 royal jellies
 x - 4 fruits
 z - 4 chunks of flesh
 A - 2 meat rations


   Skills:
 * Level 3.2 Fighting
 * Level 4.3 Polearms
 + Level 3.4 Dodging
 + Level 1.4 Stealth


You had 5 spell levels left.
You didn't know any spells.

Dungeon Overview and Level Annotations

Branches:
Dungeon (4/15)
 Temple: D:4-7

Altars:

Annotations:
D:4 Edmund


Innate Abilities, Weirdness & Mutations

You are too large for most types of armour.
You have claws for hands.
Your metabolism is lightning-fast.
You like to eat raw meat.
Your natural rate of healing is unusually fast.
You are covered in fur. (AC +1)
You have very tough skin. (AC +2)
You are weak. (Str -2)


Message History

You feel sick.
The orc wizard hits you but does no damage.
Something hits you but does no damage. The orc wizard hits you with a dagger.
* * * LOW HITPOINT WARNING * * *
The orc hits you with a short sword of speed!
* * * LOW HITPOINT WARNING * * *
Something hits you.
* * * LOW HITPOINT WARNING * * *
Edmund hits you but does no damage.
As you read the scroll of teleportation, it crumbles to dust.
You feel strangely unstable. The orc wizard hits you with a dagger.
* * * LOW HITPOINT WARNING * * *
Something hits you.
* * * LOW HITPOINT WARNING * * *
The orc wizard hits you but does no damage.
The orc hits you but does no damage. Something hits you.
* * * LOW HITPOINT WARNING * * *
Edmund mutters, "Who needs spells, anyway?"
Edmund hits you with a flail of protection.
You die...

..............#
..............#
..............#
..............#
..............#
..............#
......oo@....#
#@{...# #######


You could see Edmund, an orc wizard and an orc.

Vanquished Creatures
  A sky beast (D:3)
  2 orc wizards
  An iguana (D:4)
  Natasha (D:3)
  A worker ant (D:4)
  4 adders
  4 dart slugs
  3 leopard geckos
  8 orcs
  4 giant cockroaches
  5 goblins
  2 hobgoblins
  6 jackals
  2 quokkas (D:2)
  A ball python (D:1)
  8 bats
  3 frilled lizards
  5 kobolds
  16 rats
77 creatures vanquished.

Notes
Turn   | Place    | Note
-------+----------+-------------------------------------------
     0 | D:1      | Mimshu the Troll Berserker began the quest for the Orb.
     0 | D:1      | Reached XP level 1. HP: 22/22 MP: 0/0
   463 | D:1      | Reached XP level 2. HP: 26/29 MP: 1/1
   868 | D:1      | Reached skill level 3 in Polearms
  1355 | D:2      | Reached ** piety under Trog
  1471 | D:2      | Reached XP level 3. HP: 34/36 MP: 2/2
  2346 | D:3      | Reached XP level 4. HP: 37/44 MP: 3/3
  2532 | D:3      | Reached skill level 1 in Stealth
  2631 | D:3      | Noticed a sky beast
  2871 | D:3      | Killed a sky beast
  2871 | D:3      | Reached XP level 5. HP: 52/52 MP: 4/4
  2889 | D:3      | Gained mutation: You are weak. (Str -2) [mutagenic meat]
  3087 | D:3      | Noticed Natasha
  3094 | D:3      | Killed Natasha
  3094 | D:3      | Reached skill level 4 in Polearms
  3486 | D:4      | Reached XP level 6. HP: 53/61 MP: 5/5
  3490 | D:4      | Noticed Edmund
  3522 | D:4      | HP: 3/61 [orc wizard/dagger (2)]
  3522 | D:4      | HP: 1/61 [something (1)]
  3522 | D:4      | Slain by Edmund

Skill      XL: |  1  2  3  4  5 |
---------------+----------------+-----
Polearms       | 3 4 |  4.3
Dodging        | 3 |  3.4
Stealth        | 1 |  1.4
Fighting       | 3 |  3.2

Action                   |  1- 3 |  4- 6 || total
-------------------------+-------+-------++-------
Melee: Spear             |   173 |   118 ||   291
Invok: Berserk           |       |     2 ||     2
       Trog's Hand       |       |     1 ||     1
  Use: Scroll            |     3 |     1 ||     4
       Potion            |       |     1 ||     1
 Stab: Sleeping          |    11 |     2 ||    13
  Eat: Chunk             |    23 |     7 ||    30
       Bread ration      |     1 |       ||     1
Armor: Animal skin       |    98 |    46 ||   144
Dodge: Dodged            |   126 |    75 ||   201
